[Event "European Online Club-ch-D 2021"]
[Site "Online"]
[Date "2021.03.27"]
[Round "1.4"]
[White "Erdogmus, Yagiz Kaan"]
[Black "Cheparinov, Ivan"]
[Result "0-1"]
[ECO "B51"]
[WhiteElo "1955"]
[BlackElo "2667"]
[Annotator "RC"]
[PlyCount "110"]
[EventDate "2021.03.27"]
[EventType "team-tourn"]
[EventCountry "NET"]
[SourceTitle "playchess.com"]
[Source "ChessBase"]
[SourceQuality "1"]
[TimeControl "900+5"]

1. e4 c5 2. Nf3 d6 3. Bb5+ Nd7 4. d4 cxd4 5. Qxd4 a6 6. Bxd7+ Qxd7 7. O-O e5 8. Qd3 Qc6 9. c4 Be6 10. b3 b5 11. cxb5 Qxb5 12. Rd1 Nf6 13. Nc3 Qxd3 14. Rxd3 Rc8 15. Ba3 d5 16. Bxf8 Kxf8 17. Nxe5 dxe4 18. Re3 Rc5 19. f4 exf3 20. Nxf3 Ng4 21. Rd3 Ke7 22. Re1 Rhc8 23. Ne4 Rc1 24. h3 Ne5 25. Rde3 Nxf3+ 26. gxf3 Rxe1+ 27. Rxe1 Rc2 28. a4 Bxh3 29. Nc5+ Kd6 30. Nxa6 Rg2+ 31. Kh1 Rb2 32. Re3 h5 33. Rd3+ Ke7 34. Nc5 h4 35. a5 Bg2+ 36. Kg1 h3 37. Re3+ Kd6 38. Ne4+ Ke5 39. Nf2+ Kf5 40. Rc3 Ra2 41. b4 Kf4 42. Rc4+ Kg3 43. Ne4+ Kxf3 44. Ng5+ Kg3 45. Rc3+ Kg4 46. Nxf7 Ra1+ 47. Kf2 Rf1+ 48. Ke3 Rxf7 49. Rc4+ Kg3 50. Rc5 Rf3+ 51. Ke2 Rf4 52. Rc3+ Bf3+ 53. Ke3 h2 54. Rc7 h1=Q 55. Rxg7+ Bg4 0-1

[Event "European Online Club-ch-D 2021"]
[Site "Online"]
[Date "2021.03.27"]
[Round "1.5"]
[White "Lagarde, Maxime"]
[Black "Lopez Del Alamo, Antonio"]
[Result "0-1"]
[ECO "E70"]
[WhiteElo "2640"]
[BlackElo "2295"]
[Annotator "ChessBase"]
[PlyCount "94"]
[EventDate "2021.03.27"]
[EventType "team-tourn"]
[EventCountry "NET"]
[SourceTitle "playchess.com"]
[Source "ChessBase"]
[SourceQuality "1"]
[TimeControl "900+5"]

1. c4 Nf6 2. Nc3 g6 3. d4 Bg7 4. e4 d6 5. Nge2 O-O 6. Ng3 c5 7. d5 e6 8. Be2 exd5 9. exd5 a6 10. Bg5 h6 11. Bf4 Re8 12. O-O Bf8 13. Qd2 Kh7 14. Bd3 Nbd7 15. Rae1 Ne5 16. Bxe5 dxe5 17. f4 Bd6 18. f5 g5 19. Nce4 Kg7 20. h4 Nxe4 21. Nxe4 f6 22. hxg5 hxg5 23. Nxg5 Rh8 24. Ne6+ Bxe6 25. fxe6 Qe7 26. Re4 Rag8 27. Rg4+ Kf8 28. Rxg8+ Kxg8 29. Rf3 Qg7 30. Qa5 e4 31. Qd8+ Bf8 32. Bxe4 f5 33. Rf2 Qh6 34. Kf1 Qc1+ 35. Ke2 Qxb2+ 36. Bc2 Qxc2+ 37. Ke3 Qc3+ 38. Ke2 Qxc4+ 39. Kd2 Qxa2+ 40. Ke3 Qb3+ 41. Kd2 Qb2+ 42. Ke3 Qe5+ 43. Kd2 Rh7 44. Re2 Qf4+ 45. Kc2 Rh1 46. e7 Qc4+ 47. Kd2 Qc1+ 0-1

[Event "European Online Club-ch-D 2021"]
[Site "Online"]
[Date "2021.03.27"]
[Round "1.6"]
[White "Gongora Montes, Benjamin"]
[Black "Maurizzi, Marc Andria"]
[Result "0-1"]
[ECO "A40"]
[WhiteElo "2198"]
[BlackElo "2461"]
[Annotator "ChessBase"]
[PlyCount "106"]
[EventDate "2021.03.27"]
[EventType "team-tourn"]
[EventCountry "NET"]
[SourceTitle "playchess.com"]
[Source "ChessBase"]
[SourceQuality "1"]
[TimeControl "900+5"]

1. d4 g6 2. h4 Nf6 3. Nc3 d5 4. Nf3 Bg7 5. Bg5 Ne4 6. Bf4 c5 7. e3 Qa5 8. Bb5+ Nc6 9. Ne5 Nxc3 10. Bxc6+ bxc6 11. Qd2 f6 12. Nd3 c4 13. Nc5 e5 14. Bg3 Rb8 15. Qxc3 Qxc3+ 16. bxc3 Rb2 17. Kd2 Bf5 18. Rhc1 Ke7 19. Na4 Rb5 20. Rcb1 Rhb8 21. Kc1 h5 22. Nc5 Kf7 23. a4 Rxb1+ 24. Rxb1 Rxb1+ 25. Kxb1 Bf8 26. Nb7 Ke6 27. Kb2 Be7 28. f3 Kd7 29. dxe5 fxe5 30. Bxe5 Bxh4 31. Nc5+ Kc8 32. Kc1 Be7 33. Bd4 g5 34. Kd2 h4 35. a5 g4 36. fxg4 Bxg4 37. a6 Bd6 38. Nb7 Bb8 39. Ke1 Bf5 40. Bc5 Bxc2 41. Nd6+ Kd7 42. Nf7 Be4 43. Kf2 Ke6 44. Ng5+ Kf5 45. Nf3 Kg4 46. Nd4 Bg3+ 47. Kf1 Bb8 48. Nxc6 d4 49. Nxd4 Kg3 50. Ne2+ Kh2 51. Nf4 Kg3 52. Ne2+ Kh2 53. Nf4 Kg3 0-1

[Event "European Online Club-ch-D 2021"]
[Site "Online"]
[Date "2021.03.27"]
[Round "1.7"]
[White "Medvegy, Zoltan"]
[Black "Pascual Palomo, Lucia"]
[Result "1-0"]
[ECO "C01"]
[WhiteElo "2527"]
[BlackElo "2101"]
[Annotator "ChessBase"]
[PlyCount "53"]
[EventDate "2021.03.27"]
[EventType "team-tourn"]
[EventCountry "NET"]
[SourceTitle "playchess.com"]
[Source "ChessBase"]
[SourceQuality "1"]
[TimeControl "900+5"]

1. e4 e6 2. d4 d5 3. exd5 exd5 4. Nf3 Bd6 5. c4 Nf6 6. Nc3 c6 7. cxd5 Nxd5 8. Bc4 Nf6 9. Qe2+ Qe7 10. Qxe7+ Bxe7 11. O-O O-O 12. Re1 Bb4 13. a3 Ba5 14. Bg5 Nbd7 15. Ne5 Bd8 16. Ba2 h6 17. Bh4 Nb6 18. Nxf7 Nbd5 19. Nxd8 Rxd8 20. Nxd5 cxd5 21. Bxf6 gxf6 22. Rac1 Bf5 23. Rc5 Re8 24. Re3 Rac8 25. Bxd5+ Kh8 26. Bxb7 Rcd8 27. Rxf5 1-0

[Event "European Online Club-ch-D 2021"]
[Site "Online"]
[Date "2021.03.27"]
[Round "1.8"]
[White "Blasco De La Cruz, Luis"]
[Black "Guliyev, Namig"]
[Result "0-1"]
[ECO "B50"]
[WhiteElo "1902"]
[BlackElo "2538"]
[Annotator "ChessBase"]
[PlyCount "70"]
[EventDate "2021.03.27"]
[EventType "team-tourn"]
[EventCountry "NET"]
[SourceTitle "playchess.com"]
[Source "ChessBase"]
[SourceQuality "1"]
[TimeControl "900+5"]

1. e4 c5 2. Nf3 d6 3. Be2 Nf6 4. d3 Nc6 5. c4 g6 6. Nc3 Bg7 7. h3 O-O 8. Be3 a6 9. O-O e5 10. Qd2 Nh5 11. Nh2 Nf4 12. Bxf4 exf4 13. Qxf4 f5 14. Qd2 f4 15. Nd5 Nd4 16. Nf3 Nxf3+ 17. Bxf3 Be5 18. Rab1 a5 19. Qe2 h5 20. b3 Ra7 21. Rfc1 Qh4 22. Kf1 b6 23. a4 Rh7 24. Ke1 g5 25. Nxb6 Be6 26. Qf1 g4 27. hxg4 hxg4 28. Bd1 f3 29. g3 Qh1 30. Be2 fxe2 31. Kxe2 Qf3+ 32. Kd2 Qxf2+ 33. Qxf2 Rxf2+ 34. Ke1 Bd4 35. Nd5 Rh1# 0-1

[Event "European Online Club-ch-D 2021"]
[Site "Online"]
[Date "2021.03.27"]
[Round "1.10"]
[White "Kvetny, Mark"]
[Black "Parligras, Mircea-Emilian"]
[Result "1/2-1/2"]
[ECO "A17"]
[WhiteElo "2416"]
[BlackElo "2591"]
[Annotator "ChessBase"]
[PlyCount "70"]
[EventDate "2021.03.27"]
[EventType "team-tourn"]
[EventCountry "NET"]
[SourceTitle "playchess.com"]
[Source "ChessBase"]
[SourceQuality "1"]
[TimeControl "900+5"]

1. c4 e6 2. Nf3 d5 3. e3 Nf6 4. Nc3 dxc4 5. Bxc4 a6 6. b3 b5 7. Be2 c5 8. Bb2 Bb7 9. a4 b4 10. Nb1 Be7 11. d3 O-O 12. O-O Nd5 13. Qc2 Nd7 14. Nbd2 Bf6 15. Rac1 Bxb2 16. Qxb2 Nc3 17. Nb1 Nd5 18. Rfd1 Rc8 19. Bf1 Qe7 20. e4 Nf4 21. Nbd2 e5 22. Nc4 f6 23. g3 Ne6 24. Bh3 Rfd8 25. Qc2 Ndf8 26. Nb6 Rc7 27. Qc4 Qd6 28. a5 Kh8 29. Bg2 Nd7 30. Nd5 Rcc8 31. Bh3 Ndf8 32. Nb6 Rc7 33. Bg2 Nd7 34. Nd5 Rcc8 35. Bh3 Ndf8 1/2-1/2

[Event "European Online Club-ch-D 2021"]
[Site "Online"]
[Date "2021.03.27"]
[Round "1.11"]
[White "Toma, Radu-Cristian"]
[Black "Hoffmann, Hendrik"]
[Result "1/2-1/2"]
[ECO "A13"]
[WhiteElo "2385"]
[BlackElo "2242"]
[Annotator "NA"]
[PlyCount "108"]
[EventDate "2021.03.27"]
[EventType "team-tourn"]
[EventCountry "NET"]
[SourceTitle "playchess.com"]
[Source "ChessBase"]
[SourceQuality "1"]
[TimeControl "900+5"]

1. Nf3 d5 2. e3 Nf6 3. c4 c5 4. cxd5 Nxd5 5. Be2 Nc6 6. O-O e6 7. a3 Be7 8. Qc2 O-O 9. b3 b6 10. Bb2 Bf6 11. d3 Bb7 12. Nbd2 Bxb2 13. Qxb2 Qf6 14. Qxf6 Nxf6 15. Rab1 Rfd8 16. Rfc1 Rac8 17. Rc2 Kf8 18. Nc4 Nd5 19. Rbc1 f6 20. h4 Ke7 21. h5 g5 22. Ne1 f5 23. g3 Nf6 24. f4 g4 25. h6 Ng8 26. Rb2 Nxh6 27. b4 cxb4 28. axb4 Nf7 29. Ra1 Nd6 30. Nd2 Ra8 31. d4 a5 32. bxa5 Rxa5 33. Rab1 Rd7 34. Nd3 b5 35. Nc5 Rc7 36. Bxb5 Bc8 37. Ba4 Nd8 38. Rb6 N8b7 39. Ndb3 Ra7 40. Nxb7 Bxb7 41. Nc5 Be4 42. R1b4 Bd5 43. Bb3 Bf3 44. Ra4 Rxa4 45. Bxa4 Bd5 46. Bb3 Bxb3 47. Rxb3 Ra7 48. Rb2 Ra3 49. Kf2 h5 50. Rc2 Ra1 51. Kg2 Re1 52. Kf2 Ra1 53. Kg2 Re1 54. Kf2 Ra1 1/2-1/2

[Event "European Online Club-ch-D 2021"]
[Site "Online"]
[Date "2021.03.27"]
[Round "1.12"]
[White "Maciol, Ryszard"]
[Black "Georgescu, Tiberiu-Marian"]
[Result "0-1"]
[ECO "D35"]
[WhiteElo "2154"]
[BlackElo "2479"]
[Annotator "ChessBase"]
[PlyCount "60"]
[EventDate "2021.03.27"]
[EventType "team-tourn"]
[EventCountry "NET"]
[SourceTitle "playchess.com"]
[Source "ChessBase"]
[SourceQuality "1"]
[TimeControl "900+5"]

1. d4 d5 2. c4 e6 3. Nc3 Nf6 4. cxd5 exd5 5. Bg5 c6 6. e3 Be7 7. Bd3 Nbd7 8. Nf3 Nh5 9. Bxe7 Qxe7 10. O-O g6 11. Rb1 O-O 12. b4 a6 13. Na4 Ng7 14. Qc2 Ne8 15. Nc5 Nd6 16. a4 Nb6 17. Nd2 Bf5 18. Bxf5 Nxf5 19. b5 cxb5 20. axb5 a5 21. Ra1 Nd6 22. Qb3 Nbc4 23. Nxc4 Nxc4 24. Ra2 b6 25. Na4 Rfc8 26. Nc3 Nxe3 27. fxe3 Qxe3+ 28. Raf2 Rxc3 29. Qxd5 Rf8 30. h3 Rc2 0-1

[Event "European Online Club-ch-D 2021"]
[Site "Online"]
[Date "2021.03.27"]
[Round "1.13"]
[White "Bauer, Christian"]
[Black "Tokhirjonova, Gulrukhbegim"]
[Result "1-0"]
[ECO "E20"]
[WhiteElo "2639"]
[BlackElo "2362"]
[Annotator "ChessBase"]
[PlyCount "95"]
[EventDate "2021.03.27"]
[EventType "team-tourn"]
[EventCountry "NET"]
[SourceTitle "playchess.com"]
[Source "ChessBase"]
[SourceQuality "1"]
[TimeControl "900+5"]

1. c4 e6 2. Nc3 d5 3. d4 Bb4 4. Nf3 Nf6 5. g3 O-O 6. Bg2 dxc4 7. O-O c5 8. dxc5 Bxc5 9. Qa4 Nc6 10. Qxc4 Be7 11. Rd1 Qa5 12. Bd2 Qb4 13. Qxb4 Bxb4 14. a3 Be7 15. Bf4 Rd8 16. Ne5 Bd7 17. Nxd7 Rxd7 18. Rxd7 Nxd7 19. Rd1 Nb6 20. Nb5 g5 21. Bc1 a6 22. Nc3 Rd8 23. Rxd8+ Nxd8 24. Kf1 f5 25. e4 Kf7 26. Ke2 Nc6 27. exf5 exf5 28. Be3 Nd7 29. Bd5+ Kg6 30. Be6 Nde5 31. Bc8 Na5 32. Nd5 Bd6 33. b4 Nac4 34. Bc1 a5 35. Bxb7 axb4 36. axb4 h5 37. Ba6 f4 38. gxf4 gxf4 39. Nxf4+ Kf5 40. Nxh5 Nb6 41. b5 Nd5 42. Ng3+ Kg6 43. Ne4 Bc7 44. Bc8 Kh5 45. Bf5 Bb6 46. h3 Ne7 47. Be6 N5g6 48. Bg4+ 1-0

[Event "European Online Club-ch-D 2021"]
[Site "Online"]
[Date "2021.03.27"]
[Round "1.14"]
[White "Nandhidhaa, P V"]
[Black "Pelletier, Yannick"]
[Result "1-0"]
[ECO "B12"]
[WhiteElo "2365"]
[BlackElo "2581"]
[Annotator "ChessBase"]
[PlyCount "95"]
[EventDate "2021.03.27"]
[EventType "team-tourn"]
[EventCountry "NET"]
[SourceTitle "playchess.com"]
[Source "ChessBase"]
[SourceQuality "1"]
[TimeControl "900+5"]

1. e4 c6 2. d4 d5 3. e5 Bf5 4. h4 h5 5. c4 e6 6. Nc3 Nd7 7. cxd5 cxd5 8. Bd3 Bxd3 9. Qxd3 Nh6 10. Bxh6 Rxh6 11. Nf3 Be7 12. g3 a6 13. Kf1 Qb6 14. Kg2 O-O-O 15. Rab1 Kb8 16. b4 Rc8 17. b5 a5 18. Na4 Qc7 19. Rhc1 Qd8 20. Rxc8+ Qxc8 21. b6 Qc4 22. Qxc4 dxc4 23. Rc1 Bd8 24. Ng5 Nxb6 25. Nxb6 Bxb6 26. Nxf7 Rh7 27. Rxc4 g6 28. Ng5 Re7 29. Kf3 Bc7 30. Ke4 Kc8 31. a4 Kd7 32. f4 Re8 33. Nh7 Rb8 34. Nf6+ Kd8 35. d5 exd5+ 36. Nxd5 b5 37. axb5 Bb6 38. Rc6 Bf2 39. Rd6+ Ke8 40. Kf3 Be1 41. Rxg6 Kf7 42. Rf6+ Kg7 43. f5 Rxb5 44. Rg6+ Kf8 45. Ke4 a4 46. e6 Bb4 47. f6 a3 48. e7+ 1-0

[Event "European Online Club-ch-D 2021"]
[Site "Online"]
[Date "2021.03.27"]
[Round "1.15"]
[White "Petkidis, Anthony"]
[Black "Dauletova, Gulmira"]
[Result "1/2-1/2"]
[ECO "C54"]
[WhiteElo "2401"]
[BlackElo "2285"]
[Annotator "NA"]
[PlyCount "200"]
[EventDate "2021.03.27"]
[EventType "team-tourn"]
[EventCountry "NET"]
[SourceTitle "playchess.com"]
[Source "ChessBase"]
[SourceQuality "1"]
[TimeControl "900+5"]

1. e4 e5 2. Nf3 Nc6 3. Bc4 Bc5 4. c3 Nf6 5. d3 d6 6. h3 h6 7. Nbd2 O-O 8. O-O a5 9. Re1 Be6 10. Bxe6 fxe6 11. Nf1 Nh5 12. d4 exd4 13. cxd4 Bb4 14. Re3 a4 15. a3 Ba5 16. Qxa4 Nf4 17. Qd1 Bb6 18. b3 e5 19. Bb2 Qf6 20. dxe5 dxe5 21. N1h2 Rad8 22. Qc2 Bxe3 23. fxe3 Ng6 24. b4 Qd6 25. Rc1 Rf7 26. b5 Na5 27. Ng4 Qd3 28. Qxd3 Rxd3 29. Ngxe5 Nxe5 30. Nxe5 Rb3 31. Nxf7 Rxb2 32. Rxc7 Re2 33. Nd6 Rxe3 34. Nxb7 Nxb7 35. Rxb7 Rxa3 36. Kf2 Rb3 37. e5 Kf8 38. Ke2 g5 39. Kf2 Ke8 40. Rb6 Kf7 41. Rf6+ Kg7 42. Rb6 Kf7 43. Rxh6 Rxb5 44. Rf6+ Kg7 45. Rf5 Kg6 46. g4 Rb3 47. Rf3 Rb2+ 48. Ke3 Rb1 49. Kd4 Rd1+ 50. Kc5 Rd2 51. e6 Kg7 52. Kc6 Re2 53. Kd7 Rd2+ 54. Ke7 Ra2 55. Rf7+ Kg6 56. Rf6+ Kg7 57. Rf5 Ra7+ 58. Kd6 Ra6+ 59. Kd5 Ra5+ 60. Kc4 Ra4+ 61. Kb3 Re4 62. Rxg5+ Kf6 63. Rh5 Kxe6 64. Kc3 Kf6 65. Kd3 Re1 66. Rf5+ Kg6 67. Kd2 Re4 68. Rd5 Kh6 69. Kd3 Re1 70. h4 Rh1 71. Rd6+ Kg7 72. h5 Re1 73. Kd2 Re5 74. Rg6+ Kh7 75. Kd3 Re1 76. Kd4 Re2 77. Kd5 Re1 78. Kd6 Re2 79. Kd7 Re4 80. g5 Rh4 81. Rh6+ Kg7 82. Ke6 Rh1 83. Kf5 Rf1+ 84. Ke5 Re1+ 85. Kf4 Rf1+ 86. Ke3 Rh1 87. Kf3 Rh2 88. Kg3 Rh1 89. Kg2 Rh4 90. Kg3 Rh1 91. Rg6+ Kh7 92. Ra6 Rxh5 93. Kg4 Rh1 94. Ra7+ Kg6 95. Ra6+ Kg7 96. Kf5 Rf1+ 97. Kg4 Rg1+ 98. Kf5 Rf1+ 99. Kg4 Rg1+ 100. Kf5 Rf1+ 1/2-1/2

[Event "European Online Club-ch-D 2021"]
[Site "Online"]
[Date "2021.03.27"]
[Round "1.16"]
[White "Muminova, Nafisa"]
[Black "Fischer, Daniel"]
[Result "1-0"]
[ECO "B13"]
[WhiteElo "2274"]
[BlackElo "2276"]
[Annotator "NA"]
[PlyCount "165"]
[EventDate "2021.03.27"]
[EventType "team-tourn"]
[EventCountry "NET"]
[SourceTitle "playchess.com"]
[Source "ChessBase"]
[SourceQuality "1"]
[TimeControl "900+5"]

1. d4 Nf6 2. Nc3 d5 3. Bf4 c5 4. e3 cxd4 5. exd4 a6 6. Nf3 Nc6 7. Ne5 Bd7 8. Be2 e6 9. O-O Nxe5 10. dxe5 Ng8 11. Bd3 Ne7 12. Qh5 g6 13. Qe2 Bg7 14. Bg5 O-O 15. Kh1 f6 16. exf6 Bxf6 17. Bxf6 Rxf6 18. Rae1 Qb6 19. Nd1 Raf8 20. c3 Nc6 21. Ne3 Rf4 22. Ng4 h5 23. Ne3 Kg7 24. f3 Qc7 25. Qf2 R4f6 26. Qe2 Qd6 27. Nd1 e5 28. Nf2 Re8 29. Bb1 Nd8 30. Qd2 Nf7 31. Rd1 Bc6 32. Rfe1 Qc5 33. Nd3 Qd6 34. Nb4 Rd8 35. a3 a5 36. Nd3 h4 37. Qe2 Re8 38. Nf2 Qc5 39. Ng4 Rf4 40. Qd2 h3 41. Nxe5 hxg2+ 42. Kxg2 Rf6 43. Nxc6 Rxe1 44. Rxe1 bxc6 45. Qe3 Qb5 46. Qe2 Qb3 47. Bd3 a4 48. Qd2 Qb6 49. Re7 Qc5 50. Qe3 Qd6 51. Bc2 c5 52. Bxa4 d4 53. cxd4 cxd4 54. Qe4 d3 55. Bd1 d2 56. b4 Rf4 57. Qe3 Rh4 58. h3 Rh5 59. Re6 Qd5 60. Qe4 Rg5+ 61. Kf2 Qd7 62. h4 Qa7+ 63. Qe3 Qxe3+ 64. Kxe3 Rg2 65. Be2 Nh6 66. Kxd2 Nf5 67. a4 Nd4 68. Re3 Nf5 69. Re4 Ng3 70. Re5 Kf6 71. f4 Nh5 72. Re4 Kf5 73. Re8 Nxf4 74. a5 Rg1 75. a6 Ra1 76. b5 Ra2+ 77. Kd1 Nd5 78. Bc4 Nc3+ 79. Kc1 Ra5 80. Rf8+ Ke4 81. Rb8 Kd4 82. Rc8 Ra4 83. b6 1-0

[Event "European Online Club-ch-D 2021"]
[Site "Online"]
[Date "2021.03.27"]
[Round "1.17"]
[White "Gadimbayli, Abdulla"]
[Black "Straka, Vojtech"]
[Result "1-0"]
[ECO "B31"]
[WhiteElo "2470"]
[BlackElo "2417"]
[Annotator "ChessBase"]
[PlyCount "45"]
[EventDate "2021.03.27"]
[EventType "team-tourn"]
[EventCountry "NET"]
[SourceTitle "playchess.com"]
[Source "ChessBase"]
[SourceQuality "1"]
[TimeControl "900+5"]

1. e4 c5 2. Nf3 Nc6 3. Bb5 g6 4. Bxc6 bxc6 5. d4 d5 6. dxc5 Qa5+ 7. Bd2 Qxc5 8. Bc3 f6 9. exd5 cxd5 10. O-O Bg7 11. Re1 e5 12. a3 Ne7 13. Bb4 Qc6 14. Nc3 Be6 15. Nd4 exd4 16. Ne2 Nf5 17. Nf4 O-O-O 18. Nxe6 Rde8 19. Nxg7 Rxe1+ 20. Bxe1 Nxg7 21. Qxd4 Kb7 22. Bc3 Rf8 23. Qb4+ 1-0

[Event "European Online Club-ch-D 2021"]
[Site "Online"]
[Date "2021.03.27"]
[Round "1.18"]
[White "Roubalik, Jakub"]
[Black "Ibrahimli, Murad"]
[Result "0-1"]
[ECO "D59"]
[WhiteElo "2391"]
[BlackElo "2436"]
[Annotator "NA"]
[PlyCount "78"]
[EventDate "2021.03.27"]
[EventType "team-tourn"]
[EventCountry "NET"]
[SourceTitle "playchess.com"]
[Source "ChessBase"]
[SourceQuality "1"]
[TimeControl "900+5"]

1. d4 Nf6 2. c4 e6 3. Nf3 d5 4. Nc3 Be7 5. Bg5 O-O 6. e3 h6 7. Bh4 b6 8. cxd5 Nxd5 9. Bxe7 Qxe7 10. Nxd5 exd5 11. Be2 Be6 12. O-O c5 13. dxc5 bxc5 14. Qa4 Nd7 15. Rac1 Rfb8 16. Bb5 a5 17. Rfd1 Nf6 18. b3 Bg4 19. Bc6 Rb4 20. Qa3 Ra6 21. Bxd5 Nxd5 22. Rxd5 Bxf3 23. gxf3 Qe6 24. Rd8+ Kh7 25. Kf1 Qh3+ 26. Ke2 Rf6 27. f4 Qg4+ 28. Kf1 Qf3 29. Qb2 Re4 30. Qc2 Rfxf4 31. Re8 f5 32. Rxe4 Rxe4 33. Qxc5 Rh4 34. Qc7 Qh5 35. Kg1 a4 36. bxa4 Rxa4 37. Rc4 Rxa2 38. Kg2 Ra6 39. Qe5 Rg6+ 0-1

[Event "European Online Club-ch-D 2021"]
[Site "Online"]
[Date "2021.03.27"]
[Round "1.19"]
[White "Babazada, Khazar"]
[Black "Kusa, Jakub"]
[Result "1/2-1/2"]
[ECO "C48"]
[WhiteElo "2409"]
[BlackElo "2336"]
[Annotator "NA"]
[PlyCount "137"]
[EventDate "2021.03.27"]
[EventType "team-tourn"]
[EventCountry "NET"]
[SourceTitle "playchess.com"]
[Source "ChessBase"]
[SourceQuality "1"]
[TimeControl "900+5"]

1. e4 e5 2. Nc3 Nf6 3. Nf3 Nc6 4. Bb5 Bd6 5. O-O O-O 6. h3 a6 7. Bxc6 dxc6 8. d4 exd4 9. Qxd4 Be7 10. Qxd8 Rxd8 11. Bf4 Ne8 12. Rad1 Be6 13. a3 Nd6 14. Nd4 Bc4 15. Rfe1 c5 16. Nf3 Be6 17. Nd5 Bxd5 18. Rxd5 b6 19. Ne5 Re8 20. f3 Bf6 21. c3 Bxe5 22. Bxe5 Nc4 23. Bxc7 Rac8 24. b3 Na5 25. Bxb6 Nxb3 26. a4 a5 27. Red1 c4 28. Rd8 Rexd8 29. Rxd8+ Rxd8 30. Bxd8 Kf8 31. Kf2 Ke8 32. Bb6 Kd7 33. Be3 Na1 34. Ke2 Kc6 35. Kd2 Nb3+ 36. Kc2 Na1+ 37. Kd2 Nb3+ 38. Kd1 g6 39. g4 Kd6 40. f4 Ke6 41. Bd4 Na1 42. f5+ Kd6 43. h4 Nb3 44. Ke2 Nc1+ 45. Ke3 Nd3 46. Bb6 Nb2 47. Bxa5 Nxa4 48. Kd4 Nb2 49. Bb4+ Kd7 50. h5 Nd3 51. fxg6 fxg6 52. hxg6 hxg6 53. g5 Nf4 54. Ba3 Ne6+ 55. Kxc4 Nxg5 56. Kd5 Ne6 57. Bd6 g5 58. Bg3 g4 59. Ke5 Nc5 60. Kf5 Kc6 61. c4 Nb3 62. e5 Na5 63. e6 Nxc4 64. Kf6 Ne3 65. Kg5 Nd5 66. Kxg4 Kb7 67. Kf5 Kc8 68. Bh4 Nc7 69. Kf6 1/2-1/2

[Event "European Online Club-ch-D 2021"]
[Site "Online"]
[Date "2021.03.27"]
[Round "1.20"]
[White "Zeman, Matyas"]
[Black "Eynullayev, Atilla"]
[Result "1/2-1/2"]
[ECO "D02"]
[WhiteElo "2261"]
[BlackElo "2347"]
[Annotator "NA"]
[PlyCount "162"]
[EventDate "2021.03.27"]
[EventType "team-tourn"]
[EventCountry "NET"]
[SourceTitle "playchess.com"]
[Source "ChessBase"]
[SourceQuality "1"]
[TimeControl "900+5"]

1. d4 d5 2. Nf3 e6 3. Bf4 Bd6 4. e3 Bxf4 5. exf4 b6 6. c3 Nf6 7. Nbd2 O-O 8. Bd3 Ba6 9. Bxa6 Nxa6 10. O-O c5 11. Qa4 Nb8 12. Ne5 Qc7 13. Rac1 Rc8 14. Rfe1 Nc6 15. Ndf3 Ne4 16. Nxc6 Qxc6 17. Qxc6 Rxc6 18. Ne5 Rc7 19. dxc5 bxc5 20. c4 h6 21. Rcd1 Nf6 22. f5 Rd8 23. fxe6 fxe6 24. b3 a5 25. f3 Rd6 26. Rd3 Ra6 27. cxd5 exd5 28. Rc1 a4 29. Rdc3 axb3 30. axb3 Rb6 31. Nd3 Nd7 32. Nxc5 Nxc5 33. Rxc5 Rxc5 34. Rxc5 Rxb3 35. Rxd5 Rb2 36. h4 Kh7 37. h5 Kg8 38. Kh2 Kf7 39. Rd6 Rc2 40. Kh3 Rc3 41. Ra6 Rb3 42. Kg4 Rb5 43. f4 Rc5 44. g3 Rb5 45. Rd6 Ra5 46. Rd4 Rb5 47. Re4 Ra5 48. Re5 Ra3 49. Kh4 Ra1 50. g4 Rh1+ 51. Kg3 Rg1+ 52. Kf3 Ra1 53. Rb5 Ra4 54. Kg3 Ra3+ 55. Kh4 Ra4 56. Rf5+ Kg8 57. g5 hxg5+ 58. Kxg5 Ra1 59. Rb5 Rg1+ 60. Kf5 Ra1 61. Rb6 Kh7 62. Rg6 Ra5+ 63. Kg4 Ra1 64. Rg5 Rg1+ 65. Kf5 Ra1 66. Kg4 Rg1+ 67. Kf3 Rf1+ 68. Ke3 Re1+ 69. Kf2 Ra1 70. Rd5 Ra2+ 71. Kf3 Ra3+ 72. Kg4 Ra1 73. Kf5 Ra2 74. Ke6 Ra6+ 75. Ke5 Ra1 76. Rd6 Ra5+ 77. Rd5 Rxd5+ 78. Kxd5 Kh6 79. Ke6 Kxh5 80. Kf7 Kg4 81. Kxg7 Kxf4 1/2-1/2

[Event "European Online Club-ch-D 2021"]
[Site "Online"]
[Date "2021.03.27"]
[Round "2.1"]
[White "Eren, Ataberk"]
[Black "Straka, Vojtech"]
[Result "1-0"]
[ECO "D02"]
[WhiteElo "2306"]
[BlackElo "2417"]
[Annotator "NA"]
[PlyCount "131"]
[EventDate "2021.03.27"]
[EventType "team-tourn"]
[EventCountry "NET"]
[SourceTitle "playchess.com"]
[Source "ChessBase"]
[SourceQuality "1"]
[TimeControl "900+5"]

1. d4 d5 2. Bf4 c5 3. e3 Nc6 4. c3 Bf5 5. Nd2 e6 6. Ngf3 Qb6 7. Qb3 c4 8. Qxb6 axb6 9. Nh4 Nf6 10. Nxf5 exf5 11. a3 b5 12. Rc1 Be7 13. Be2 O-O 14. O-O Rfe8 15. h3 g6 16. g4 fxg4 17. hxg4 Kg7 18. Bf3 Rad8 19. Rfe1 Bd6 20. Bg5 Be7 21. Bf4 Bd6 22. Rcd1 h6 23. g5 hxg5 24. Bxg5 Be7 25. Bf4 Bd6 26. Bg5 Be7 27. Bxf6+ Bxf6 28. e4 Bg5 29. e5 Ne7 30. Nf1 Rh8 31. Ng3 Rh4 32. Ra1 Ra8 33. Bg2 Kf8 34. Rf1 Bf4 35. Rfe1 Ke8 36. Ne2 Bh2+ 37. Kf1 Kd7 38. Ng1 Bf4 39. Nf3 Rh6 40. Ke2 g5 41. Rh1 g4 42. Nd2 Rah8 43. Rxh6 Rxh6 44. Nf1 Rh8 45. Ne3 Rh2 46. Rg1 Bxe3 47. Kxe3 g3 48. fxg3 Ke6 49. Kf3 f6 50. exf6 Kxf6 51. Re1 Rh8 52. Re5 Rd8 53. g4 Ng6 54. Rf5+ Ke6 55. Kg3 Ne7 56. Re5+ Kd6 57. g5 Rf8 58. Bf3 Ng6 59. Rxd5+ Kc7 60. Rxb5 b6 61. Rb4 Nf4 62. Rxc4+ Kd6 63. Rc6+ Kd7 64. Rxb6 Nd3 65. g6 Ne1 66. Be4 1-0

[Event "European Online Club-ch-D 2021"]
[Site "Online"]
[Date "2021.03.27"]
[Round "2.2"]
[White "Roubalik, Jakub"]
[Black "Ozkan, Ervin"]
[Result "1-0"]
[ECO "D15"]
[WhiteElo "2391"]
[BlackElo "2147"]
[Annotator "NA"]
[PlyCount "71"]
[EventDate "2021.03.27"]
[EventType "team-tourn"]
[EventCountry "NET"]
[SourceTitle "playchess.com"]
[Source "ChessBase"]
[SourceQuality "1"]
[TimeControl "900+5"]

1. d4 d5 2. c4 c6 3. Nc3 Nf6 4. e3 a6 5. Nf3 b5 6. b3 Bg4 7. Be2 e6 8. O-O Nbd7 9. Bb2 Bd6 10. h3 Bh5 11. Rc1 O-O 12. Ne5 Bxe2 13. Nxe2 Rc8 14. c5 Bb8 15. b4 Qe7 16. a4 Nxe5 17. dxe5 Nd7 18. f4 f6 19. exf6 Nxf6 20. axb5 axb5 21. Nd4 e5 22. Nf5 Qe6 23. fxe5 Bxe5 24. Bxe5 Qxe5 25. Qd4 Rce8 26. Ra1 Ne4 27. Qxe5 Rxe5 28. Nd4 Rxf1+ 29. Kxf1 Nd2+ 30. Kf2 Ne4+ 31. Ke2 Ng3+ 32. Kf3 Nf5 33. Nxc6 Rxe3+ 34. Kf4 Re4+ 35. Kxf5 g6+ 36. Kf6 1-0

[Event "European Online Club-ch-D 2021"]
[Site "Online"]
[Date "2021.03.27"]
[Round "2.3"]
[White "Korkmaz, Necmettin"]
[Black "Vymazal, Bronislav"]
[Result "0-1"]
[ECO "B02"]
[WhiteElo "2101"]
[BlackElo "2350"]
[Annotator "NA"]
[PlyCount "56"]
[EventDate "2021.03.27"]
[EventType "team-tourn"]
[EventCountry "NET"]
[SourceTitle "playchess.com"]
[Source "ChessBase"]
[SourceQuality "1"]
[TimeControl "900+5"]

1. e4 c5 2. Nc3 Nc6 3. f4 e6 4. Nf3 a6 5. g3 d5 6. Bg2 Nf6 7. e5 Nd7 8. O-O b5 9. Ne2 Bb7 10. d4 cxd4 11. Nexd4 Bc5 12. Kh1 O-O 13. Be3 Qb6 14. c3 a5 15. Rc1 Rfc8 16. Bg1 b4 17. c4 Nxd4 18. Bxd4 dxc4 19. Rxc4 Ba6 20. Rxc5 Nxc5 21. Rf2 Qd8 22. Ne1 Ra7 23. Rd2 Rd7 24. h3 Na4 25. Qxa4 Rxd4 26. Rxd4 Qxd4 27. Nf3 Qb6 28. Ng5 Rc1+ 0-1